[Event "*** Titled Tuesday Blitz"]
[Site "Chess.com"]
[Date "2018.05.01"]
[Round "6"]
[White "bugsbunny444"]
[Black "bangchess21"]
[Result "0-1"]
[WhiteElo "2332"]
[BlackElo "2504"]
[TimeControl "180+2"]
[EndTime "14:20:37 PDT"]
[Termination "bangchess21 won by resignation"]

1. Nf3 c5 2. c4 g6 3. d4 cxd4 4. Nxd4 Nc6 5. e4 Bg7 6. Be3 Qb6 7. Nb5 Qd8 8. N1c3 Nf6 9. Be2 O-O 10. O-O d6 11. f3 Bd7 12. Qd2 a6 13. Nd4 Nxd4 14. Bxd4 Bc6 15. b4 Bd7 16. Rfd1 Be6 17. a3 Rc8 18. Nd5 Nd7 19. Rac1 Bxd5 20. exd5 Bxd4+ 21. Qxd4 Qb6 22. Qxb6 Nxb6 23. c5 Na4 24. c6 b5 25. c7 Ra8 26. Rc6 Rfc8 27. f4 Kf8 28.
Re1 Ra7 29. Rec1 Ke8 30. Bg4 f5 31. Bd1 Kd7 32. Bxa4 bxa4 33. g3 Raxc7 34. Rxc7+ Rxc7 0-1

[Event "*** Titled Tuesday Blitz"]
[Site "Chess.com"]
[Date "2018.05.01"]
[Round "6"]
[White "Mbneu"]
[Black "MasterLeif"]
[Result "1-0"]
[WhiteElo "2292"]
[BlackElo "2390"]
[TimeControl "180+2"]
[EndTime "14:20:38 PDT"]
[Termination "Mbneu won by resignation"]

1. d4 d5 2. c4 e5 3. Nf3 exd4 4. Nxd4 Nf6 5. Nc3 dxc4 6. Bg5 Be7 7. e3 c5 8. Ndb5 a6 9. Qxd8+ Kxd8 10. Rd1+ Nbd7 11.
Nd6 Bxd6 12. Rxd6 Ke7 13. Rd1 h6 14. Nd5+ Kf8 15. Nxf6 gxf6 16. Bf4 Ne5 17. Rd8+ Kg7 18. Rxh8 Kxh8 19. Bxh6 Bf5 20. Bf4 Nd3+ 21. Bxd3 cxd3 22. Kd2 c4 23. Bc7 Rc8 24. Ba5 Kg7 25. f3 b5 26. a3 Be6 27. g4 f5 28. Bc3+ Kf8 29.
h3 Ke7 30. g5 Bd5 31. Rf1 Ke6 32. h4 Rg8 33. f4 Be4 34. Rf2 Rc8 35. h5 Ke7 36. h6 f6 37. Bxf6+ Kf7 38. h7 Kg6 39.
h8=Q Rxh8 40. Bxh8 Kh7 1-0

[Event "*** Titled Tuesday Blitz"]
[Site "Chess.com"]
[Date "2018.05.01"]
[Round "6"]
[White "dolynachess"]
[Black "pultineviciuspaulius"]
[Result "0-1"]
[WhiteElo "2377"]
[BlackElo "2542"]
[TimeControl "180+2"]
[EndTime "14:20:45 PDT"]
[Termination "pultineviciuspaulius won by resignation"]

1. d4 Nf6 2. c4 g6 3. Nc3 d5 4. cxd5 Nxd5 5. e4 Nxc3 6. bxc3 Bg7 7. Bc4 c5 8. Ne2 O-O 9. O-O Nc6 10. Be3 Bg4 11.
f3 Bd7 12. Rc1 Rc8 13. dxc5 Na5 14. Bb3 Bb5 15. c4 Ba6 16. Qc2 Nc6 17. Rfd1 Qa5 18. h3 Rfd8 19. Kh1 e6 20. Rd6 Be5 21. Rcd1 Bxd6 22.
cxd6 Ne5 23. c5 b6 24. f4 Nd7 25. f5 Nxc5 26. fxe6 Nxe6 27. Qd2 Qxd2 28. Rxd2 Bxe2 29. Rxe2 Rxd6 30. Kh2 Nd4 31. Rd2 Rcd8 32. Bd5 Ne6 33. Rc2 Kg7 34. h4 h5 35. Kg3 Rxd5 36. exd5 Rxd5 37.
Kf3 Ra5 38. Rd2 Kf6 39. g3 Ke5 40. Rd7 f5 41. Rd2 Ra3 42. Kf2 Ke4 43. Re2 Nd4 44. Bxd4+ Kxd4 45. Re6 Rxa2+ 46. Kf3 b5 47. Rxg6 b4 48.
Rg8 b3 49. Rb8 b2 50. Kf4 a5 51. Kg5 a4 52. Kxh5 a3 53. Kg6 Ra1 54. h5 b1=Q 55.
Rxb1 Rxb1 56. Kxf5 a2 57. h6 a1=Q 58. h7 Kd3 59. g4 Qh8 60. g5 Rb7 61. g6 Rxh7 62.
g7 Qxg7 0-1

[Event "*** Titled Tuesday Blitz"]
[Site "Chess.com"]
[Date "2018.05.01"]
[Round "6"]
[White "FabianoCaruana"]
[Black "Bryakin_Mikhail"]
[Result "1-0"]
[WhiteElo "2802"]
[BlackElo "2602"]
[TimeControl "180+2"]
[EndTime "14:20:46 PDT"]
[Termination "FabianoCaruana won by resignation"]

1. Nf3 c6 2. e4 d5 3. e5 Bg4 4. d4 e6 5. c3 Nd7 6. Nbd2 Rc8 7. h3 Bxf3 8. Nxf3 Ne7 9. Bd3 Ng6 10.
O-O c5 11. g3 Qb6 12. h4 cxd4 13. cxd4 Ne7 14. Be3 Nc6 15. Ng5 Nd8 16. Nxh7 Qxb2 17.
Qh5 Rg8 18. Bg6 Be7 19. Rab1 Qxa2 20. Rxb7 Qa6 21. Rfb1 fxg6 22. Qxg6+ Nf7 23. Bg5 Rd8 24. Rc7 Qe2 25. Qxe6 Nxg5 26. Qxg8+ Nf8 27. hxg5 Qh5 28. Nxf8 Bxf8 29. Qe6+ 1-0

[Event "*** Titled Tuesday Blitz"]
[Site "Chess.com"]
[Date "2018.05.01"]
[Round "6"]
[White "Sanan_Sjugirov"]
[Black "Vamostodorecto"]
[Result "1-0"]
[WhiteElo "2780"]
[BlackElo "2401"]
[TimeControl "180+2"]
[EndTime "14:20:46 PDT"]
[Termination "Sanan_Sjugirov won by resignation"]

1. e4 e5 2. Nf3 Nc6 3. Bb5 a6 4. Ba4 Nf6 5. O-O b5 6. Bb3 Bb7 7. d3 Bc5 8. Nc3 O-O 9. Bg5 h6 10. Bh4 g5 11. Nxg5 hxg5 12. Bxg5 Be7 13. f4 Nh7 14.
Bh6 Bc5+ 15. Kh1 Qh4 16. Bxf8 Rxf8 17. Nd5 Nd4 18. fxe5 Nxb3 19. axb3 Bxd5 20. exd5 Bd4 21. Qe1 Qh6 22. c3 Be3 23. Rf3 Bc5 24. d4 Be7 25. Rh3 Qg6 26. Rg3 Bg5 27. Kg1 Qh6 28. Qe4 Kh8 29.
Rh3 Qg6 30. Qxg6 fxg6 31. Rxa6 Bc1 32. Rxg6 b4 33. e6 dxe6 34. dxe6 Bxb2 35. Rgh6 bxc3 36. Rxh7+ Kg8 37. Rh8+ Kg7 38. R3h7+ Kg6 39. Rxf8 Kxh7 40. e7 c2 41. Rf1 Bxd4+ 42. Kh1 1-0

[Event "*** Titled Tuesday Blitz"]
[Site "Chess.com"]
[Date "2018.05.01"]
[Round "6"]
[White "GulamaliRises"]
[Black "vovachesss"]
[Result "1-0"]
[WhiteElo "2495"]
[BlackElo "2390"]
[TimeControl "180+2"]
[EndTime "14:20:46 PDT"]
[Termination "GulamaliRises won by resignation"]

1. e4 e5 2. Nc3 Nc6 3. f4 exf4 4.
Nf3 g5 5. h4 g4 6. Ng5 h6 7.
Nxf7 Kxf7 8. Bc4+ d5 9. Bxd5+ Kg7 10. d4 Nf6 11. Bxf4 Bb4 12. Bxc6 bxc6 13. O-O Rf8 14. Qd2 Ng8 15. Be5+ Kh7 16. Rxf8 Qxf8 17. Rf1 Qe8 18.
Qf4 Be6 19. d5 cxd5 20. exd5 Bxc3 21. Bxc3 Bd7 22. Qf7+ Qxf7 23. Rxf7+ Kg6 24. Rxd7 Kh5 25. g3 Re8 26. Rxc7 Ne7 27. d6 Nf5 28. Rc5 Kg6 29.
Kf2 Nxd6 30. Rc6 Re6 31. Kf1 Kf5 32. Bb4 Ne4 33. Rxe6 Kxe6 34. Be1 h5 35. Ke2 Kd5 36. Ke3 Ke5 37. c4 a6 38. b4 Kf5 39. a4 Nd6 40. c5 Nc4+ 41. Kd4 Ne5 42. Kd5 Nd3 43. Bd2 Nf2 44.
b5 Ne4 45. Be1 axb5 46. axb5 Nf6+ 47. Kc6 Ke6 48. b6 Nd7 49. b7 Ne5+ 50. Kb5 Kd5 51.
b8=Q Nc6 52. Qd6+ 1-0

[Event "*** Titled Tuesday Blitz"]
[Site "Chess.com"]
[Date "2018.05.01"]
[Round "6"]
[White "GameOverBro"]
[Black "Hanging_pointer"]
[Result "1-0"]
[WhiteElo "2421"]
[BlackElo "2331"]
[TimeControl "180+2"]
[EndTime "14:20:46 PDT"]
[Termination "GameOverBro won by resignation"]

1. e4 c5 2. Ne2 d6 3. g3 g6 4. Bg2 Bg7 5. c3 Nc6 6. d4 Nf6 7. O-O O-O 8. a3 Bd7 9. b4 cxd4 10. cxd4 Bg4 11. f3 Bd7 12. Be3 a5 13. b5 Na7 14.
a4 Qc7 15. Nd2 Qb6 16. Qb3 Rfc8 17. d5 Rc5 18. Rac1 Nh5 19. Nc4 Qd8 20. Bxc5 dxc5 21.
b6 Bh6 22. bxa7 Bxc1 23. Rxc1 Rxa7 24. g4 Nf6 25. Nb6 Ra6 26. Rb1 g5 27. e5 Qxb6 28. Qxb6 Rxb6 29. Rxb6 Nxd5 30. Rxb7 Bxa4 31. f4 Bc6 32.
Bxd5 Bxd5 33. Rb8+ Kg7 34. Nc3 Bf3 35. fxg5 Bxg4 36.
Kf2 Kg6 37. h4 Kf5 38. Kg3 Bh5 39. Rb5 Kxe5 40. Rxc5+ Kd4 41. Rc7 Kd3 42. Nb5 e5 43. Ra7 e4 44. Rxa5 e3 45. Ra3+ Kd2 46. Nd4 e2 47. Ra2+ Kd3 48. Nxe2 Bxe2 49. Kf4 Bh5 50.
Kf5 Bg6+ 51. Kf6 Ke3 52. Ra4 Kf3 53. Kg7 Ke3 54. Kh6 Kf3 55. h5 Be4 56. Rxe4 Kxe4 57. Kxh7 Ke5 58. g6 fxg6 59. hxg6 1-0

[Event "*** Titled Tuesday Blitz"]
[Site "Chess.com"]
[Date "2018.05.01"]
[Round "6"]
[White "platy3"]
[Black "tigra"]
[Result "1/2-1/2"]
[WhiteElo "2677"]
[BlackElo "2722"]
[TimeControl "180+2"]
[EndTime "14:20:47 PDT"]
[Termination "Game drawn by agreement"]

1. e4 c5 2. Nf3 d6 3. d4 cxd4 4.
Nxd4 Nf6 5. Nc3 a6 6. a4 Nc6 7. a5 Nxa5 8. Nd5 Nc6 9. Be3 Ng4 10. Nxc6 Nxe3 11. Nxd8 Nxd1 12. Nc7+ Kxd8 13. Nxa8 Nxb2 14. Ra2 g5 15. Rxb2 Bg7 16. Rb3 b5 17. c4 b4 18.
Nb6 Bb7 19. Nd5 a5 20. Kd2 e6 21. Ne3 Bxe4 22. Bd3 Bc6 23. h4 h6 24. hxg5 hxg5 25.
Rxh8+ Bxh8 26. f3 Kc7 27. Nc2 Be5 28. Be4 Ba4 29. Rb1 f5 30. Bd3 Bc6 31. Nxb4 axb4 32. Rxb4 g4 33. Be2 Bf4+ 34. Kd3 e5 35. fxg4 Be4+ 36. Kc3 Bg3 37. Ra4 fxg4 38. Bxg4 Bxg2 39. Be6 Be4 40. Bd5 Be1+ 41. Kb3 Bd3 42. Ra6 e4 43.
Ra7+ Kb6 44. Re7 Kc5 45. Rxe4 Bxe4 46. Bxe4 1/2-1/2

[Event "*** Titled Tuesday Blitz"]
[Site "Chess.com"]
[Date "2018.05.01"]
[Round "6"]
[White "DanielNaroditsky"]
[Black "Fins0905"]
[Result "1-0"]
[WhiteElo "2806"]
[BlackElo "2570"]
[TimeControl "180+2"]
[EndTime "14:20:50 PDT"]
[Termination "DanielNaroditsky won on time"]

1. d4 d5 2. Nf3 Nf6 3. c4 c6 4.
Nc3 dxc4 5. g3 Nbd7 6. Bg2 b5 7. O-O e6 8. e4 Bb7 9. e5 Nd5 10. Ng5 h6 11. Nxe6 fxe6 12. Qh5+ Ke7 13. Bg5+ hxg5 14. Qxh8 Qe8 15. Ne4 Kd8 16. Nxg5 Nc7 17. f4 g6 18. Be4 Kc8 19. Qh7 c5 20. Bxg6 Qe7 21. Nf7 Kb8 22. Nd6 Qxh7 23. Bxh7 Bxd6 24. exd6 Ne8 25.
f5 exf5 26. Bxf5 Nxd6 27. Bxd7 cxd4 28. a4 b4 29. Rad1 d3 30. b3 Kc7 31. Bb5 Nxb5 32.
axb5 Kb6 33. bxc4 Rd8 34. Rf7 b3 35. c5+ Kxc5 36. Rxb7 b2 37. Rxa7 Kc4 38. Rc7+ Kb3 39. b6 Rb8 40. Rxd3+ Ka2 41. Ra7+ 1-0

[Event "*** Titled Tuesday Blitz"]
[Site "Chess.com"]
[Date "2018.05.01"]
[Round "6"]
[White "igorkovalenko"]
[Black "OparinGrigoriy"]
[Result "0-1"]
[WhiteElo "2730"]
[BlackElo "2877"]
[TimeControl "180+2"]
[EndTime "14:20:52 PDT"]
[Termination "OparinGrigoriy won by resignation"]

1. d4 Nf6 2. Nf3 e6 3. e3 b6 4. Bd3 Bb7 5. O-O d5 6. b3 Bd6 7. a4 a6 8. c4 O-O 9. Nc3 Qe7 10.
Bb2 Nc6 11. Rc1 Nb4 12. Bb1 c5 13. dxc5 bxc5 14. cxd5 exd5 15. Ne2 Rad8 16. Ng3 g6 17. Re1 Ne4 18. Qe2 Qe6 19. Ba1 Be7 20. Nd2 f5 21.
Nf3 h5 22. Ne5 h4 23. Nxe4 fxe4 24. h3 Kh7 25. Ng4 Rf7 26. Bc3 a5 27. Qb5 Qa6 28. Qxa6 Bxa6 29. Red1 Rf5 30. Rd2 Nd3 31. f4 Nxc1 32. Ne5 Ne2+ 0-1

[Event "*** Titled Tuesday Blitz"]
[Site "Chess.com"]
[Date "2018.05.01"]
[Round "6"]
[White "lolo9292"]
[Black "nau64"]
[Result "1/2-1/2"]
[WhiteElo "1818"]
[BlackElo "2130"]
[TimeControl "180+2"]
[EndTime "14:20:53 PDT"]
[Termination "Game drawn - insufficient material"]

1. e4 c5 2. Nc3 a6 3. g3 b5 4. f4 Bb7 5. d3 e6 6. Nf3 Nf6 7. Bg2 Be7 8. O-O Nc6 9. e5 Nd5 10. Nxd5 exd5 11. Be3 O-O 12. d4 d6 13. exd6 Bxd6 14. dxc5 Re8 15. cxd6 Rxe3 16. Qxd5 Qb6 17. Kh1 Na5 18. Qh5 Qxd6 19. Rae1 Rae8 20. Rxe3 Rxe3 21. Ng5 Bxg2+ 22. Kxg2 Qd5+ 23. Kg1 Qf5 24. Rd1 Re8 25. Rd3 h6 26. Qh3 Qc5+ 27. Kg2 hxg5 28. Qd7 Re2+ 29.
Kh3 gxf4 30. Qd8+ Kh7 31. Qh4+ Kg6 32. Qg4+ Qg5 33. Rd6+ f6 34. Qxe2 fxg3 35. Qe4+ Kh6 36. hxg3 Nc4 37. Rd5 Ne5 38. Qh4+ Qxh4+ 39. gxh4 Kg6 40.
Rxe5 fxe5 41. Kg4 Kf6 42. c3 Ke6 43. Kf3 Kf5 44. b3 e4+ 45. Ke3 Kg4 46. c4 bxc4 47.
bxc4 Kf5 48. c5 Ke5 49. h5 Kd5 50. c6 Kxc6 51. Kxe4 Kd6 52. Kf5 Ke7 53. a4 Kf7 54. Ke5 Kg8 55. a5 Kh7 56. Kd5 Kh6 57. Kc6 Kxh5 58.
Kb6 g5 59. Kxa6 g4 60. Kb6 g3 61. a6 g2 62. a7 g1=Q+ 63. Kb7 Qxa7+ 64. Kxa7 1/2-1/2

[Event "*** Titled Tuesday Blitz"]
[Site "Chess.com"]
[Date "2018.05.01"]
[Round "6"]
[White "Alexander_Moskalenko"]
[Black "HarutyunianTigranK"]
[Result "1-0"]
[WhiteElo "2762"]
[BlackElo "2727"]
[TimeControl "180+2"]
[EndTime "14:20:59 PDT"]
[Termination "Alexander_Moskalenko won by resignation"]

1. d4 Nf6 2. Nf3 d5 3. Bf4 e6 4. e3 Bd6 5. Bg3 O-O 6. Nbd2 c5 7. c3 Nc6 8. Bb5 Ne7 9. Bd3 b6 10. Bxd6 Qxd6 11. Ne5 a5 12. Qe2 c4 13. Bc2 b5 14. g4 Ng6 15. f4 Bb7 16. h4 b4 17.
h5 Ne7 18. g5 Ne4 19. h6 g6 20. Bxe4 bxc3 21. bxc3 dxe4 22. Ng4 Nf5 23. Kf2 Bd5 24.
Nf6+ Kh8 25. Ndxe4 Qc6 26. Qf3 Nd6 27. Nxd5 exd5 28.
Nf6 Ne4+ 29. Nxe4 dxe4 30. Qg4 Rab8 31. Rhb1 Qa4 32. Qe2 Rfc8 33. Qd2 Qd7 34. d5 f6 35. Qd4 Qd6 36. gxf6 Kg8 37. f7+ Kxf7 38. Qg7+ Ke8 39. Qh8+ Qf8 40. Qxh7 Qf6 41. Qg8+ Kd7 42. Qg7+ Qxg7 43.
hxg7 Kd6 44. Rxb8 Rxb8 45. Rb1 Rg8 46. Rb6+ Kxd5 47. Rxg6 Kc5 48. a4 Kd5 49. Kg3 Kc5 50. Kh4 Kd5 51. Kh5 1-0

[Event "*** Titled Tuesday Blitz"]
[Site "Chess.com"]
[Date "2018.05.01"]
[Round "6"]
[White "Caterpiller35"]
[Black "Kangoroo3000"]
[Result "0-1"]
[WhiteElo "2229"]
[BlackElo "2428"]
[TimeControl "180+2"]
[EndTime "14:21:03 PDT"]
[Termination "Kangoroo3000 won by resignation"]

1. d4 Nf6 2. Bf4 e6 3. e3 d5 4. c3 Bd6 5. Bg3 O-O 6. Nf3 b6 7. Nbd2 Bb7 8. Bd3 c5 9. Qe2 Nc6 10. e4 dxe4 11. Nxe4 Be7 12. dxc5 bxc5 13. Rd1 Qa5 14. O-O Rad8 15. Bb1 Ba6 16. Nxf6+ Bxf6 17. Qe4 g6 18. Qxc6 Bxf1 19. Rxf1 Rc8 20. Qe4 Qb6 21. Qe2 c4 22. h4 Rfd8 23. h5 Rd5 24. hxg6 hxg6 25.
Be4 Rb5 26. b3 cxb3 27. c4 Rbc5 28. axb3 Qxb3 29. Bd6 Rxc4 30. Ne5 R4c5 31. Bxg6 fxg6 32. Bxc5 Rxc5 33. Nxg6 Kg7 34. Nf4 Kf7 35. Qh5+ Rxh5 0-1

[Event "*** Titled Tuesday Blitz"]
[Site "Chess.com"]
[Date "2018.05.01"]
[Round "6"]
[White "LuisFSiles"]
[Black "Eliwood44"]
[Result "0-1"]
[WhiteElo "2241"]
[BlackElo "2177"]
[TimeControl "180+2"]
[EndTime "14:21:03 PDT"]
[Termination "Eliwood44 won by resignation"]

1. e4 e5 2. Nf3 Nc6 3. Bc4 Nf6 4. d3 h6 5. O-O d6 6. a4 g5 7. Re1 Qe7 8. Nc3 Be6 9. Bb5 Bg7 10. Bxc6+ bxc6 11. d4 exd4 12. Nxd4 Qd7 13. Qd3 O-O 14. a5 c5 15.
Nxe6 fxe6 16. e5 Ng4 17. exd6 Nxf2 18. Qe2 Bd4 19. Be3 cxd6 20. Rf1 Bxe3 21. Qxe3 Ng4 22. Qe4 Ne5 23. a6 Rxf1+ 24. Rxf1 Rf8 25. Rxf8+ Kxf8 26. Qb7 Ke7 27. Nb5 Nc6 28. Nc7 Nb4 29. c3 Nxa6 30.
Qxa6 Qxc7 31. Qa3 c4 32. Qb4 Qb6+ 33. Qxb6 axb6 34. Kf2 d5 35. Kf3 e5 36. g4 Ke6 37. Ke3 b5 38. h3 Kd6 39. Kf3 Kc5 40.
Ke3 b4 41. cxb4+ Kxb4 0-1

[Event "*** Titled Tuesday Blitz"]
[Site "Chess.com"]
[Date "2018.05.01"]
[Round "6"]
[White "FairChess_on_YouTube"]
[Black "Indianlad"]
[Result "1-0"]
[WhiteElo "2875"]
[BlackElo "2645"]
[TimeControl "180+2"]
[EndTime "14:21:22 PDT"]
[Termination "FairChess_on_YouTube won by resignation"]

1. d4 d5 2. Nf3 Nf6 3. g3 g6 4. Bg2 Bg7 5. O-O O-O 6. c3 Bf5 7. Qb3 Qc8 8. c4 dxc4 9. Qxc4 c6 10. Nc3 Nbd7 11. e3 Nb6 12. Qe2 Bh3 13. e4 Bxg2 14. Kxg2 Rd8 15. Bf4 Qe6 16. Rad1 h6 17. b3 Nh5 18. Bc1 Nf6 19. Rfe1 Rac8 20. Ba3 Re8 21. h3 Rcd8 22. Qc2 Rc8 23. Re3 Rcd8 24. Ne2 Qc8 25. Nc3 Na8 26. e5 Nd5 27. Nxd5 cxd5 28. Rc3 Qe6 29. Rc1 Qa6 30. Bb4 Qb6 31. Bc5 Qa6 32. a4 b6 33. Ba3 e6 34. Rc6 Qb7 35. Bd6 Bf8 36. b4 b5 37. a5 a6 38. Qc5 Rb8 39. Bxf8 Rxf8 40. Nh2 h5 41. Nf3 Kg7 42. Ng5 Rfe8 43. h4 Qe7 44. Rxa6 Qxc5 45. Rxc5 Rb7 46. Rac6 Ree7 47. Rc8 Nc7 48. Rc6 Ra7 49. Rb8 Na6 50. Rxb5 1-0

[Event "*** Titled Tuesday Blitz"]
[Site "Chess.com"]
[Date "2018.05.01"]
[Round "6"]
[White "LikeWater"]
[Black "Manukyan_Artak"]
[Result "1-0"]
[WhiteElo "2498"]
[BlackElo "2362"]
[TimeControl "180+2"]
[EndTime "14:21:28 PDT"]
[Termination "LikeWater won by checkmate"]

1. e4 c6 2. d4 d5 3. exd5 cxd5 4. Bd3 Nc6 5. c3 Nf6 6. Bf4 Bg4 7. Qb3 Qc8 8. Nd2 e6 9. Ngf3 Be7 10. O-O O-O 11.
Rae1 a6 12. a4 Bh5 13. Ne5 Nd7 14. Qc2 Bg6 15. Bxg6 hxg6 16. Qd3 Ncxe5 17. dxe5 Nc5 18. Qc2 b5 19. axb5 axb5 20. Re3 Ra2 21. h4 Qa6 22. Rh3 Qa4 23. Qxa4 Nxa4 24. b3 Nc5 25. b4 Na4 26. Rb1 Rc8 27. Rb3 Rc2 28. Nb1 Ra2 29. g4 Ra1 30. Kg2 Rc4 31. Rf3 Rc8 32. Na3 Rb8 33.
Nc2 Ra2 34. Nd4 Nb2 35. Nc6 Rb7 36. Na5 Rc7 37. Be3 Nc4 38. Nxc4 Rxc4 39. Bd4 Bxh4 40.
Rb1 Rxd4 41. cxd4 f5 42. exf6 Bxf6 43. Rc1 Bxd4 44. Rc8+ Kh7 45. Rh3# 1-0

[Event "*** Titled Tuesday Blitz"]
[Site "Chess.com"]
[Date "2018.05.01"]
[Round "6"]
[White "dukicz123"]
[Black "Ginger_GM"]
[Result "0-1"]
[WhiteElo "2319"]
[BlackElo "2484"]
[TimeControl "180+2"]
[EndTime "14:21:29 PDT"]
[Termination "Ginger_GM won by checkmate"]

1. e4 e6 2. d4 d5 3. Nc3 Bb4 4.
e5 Ne7 5. a3 Bxc3+ 6. bxc3 c5 7. Qg4 Qc7 8. Bd3 cxd4 9. Ne2 dxc3 10. Qxg7 Rg8 11. Qxh7 Nbc6 12. Bf4 d4 13. O-O Bd7 14. Bg3 O-O-O 15. Qxf7 Rdf8 16. Qh7 Nd5 17. Qe4 Be8 18. Nxd4 Bg6 19. Qh4 Bxd3 20. cxd3 Nxd4 21. Qxd4 Kb8 22. Rac1 Rg7 23. Rc2 Qa5 24. a4 Rc7 25. Rfc1 Rfc8 26. h4 Qb6 27. Qxb6 axb6 28. f3 Nb4 29. h5 Nxc2 30. Rxc2 Rd7 31. Bf4 Rxd3 32. h6 Rd4 33. g3 Rxa4 34. Bg5 Rb4 35. Bf6 Rb2 36. Rc1 c2 37.
Rxc2 Rcxc2 38. h7 Rb1# 0-1

[Event "*** Titled Tuesday Blitz"]
[Site "Chess.com"]
[Date "2018.05.01"]
[Round "6"]
[White "Artur0208"]
[Black "NormWeinstein"]
[Result "0-1"]
[WhiteElo "2405"]
[BlackElo "2323"]
[TimeControl "180+2"]
[EndTime "14:21:29 PDT"]
[Termination "NormWeinstein won by resignation"]

1. d4 c5 2. d5 e5 3. c4 d6 4. Nc3 Be7 5. e4 Bg5 6. Bd3 Bxc1 7. Qxc1 Nf6 8. Nge2 O-O 9. O-O Nbd7 10. a3 b6 11. b4 Qe7 12. Ng3 g6 13. Qd2 Re8 14.
Rae1 cxb4 15. axb4 a5 16. Nb5 Rf8 17. f4 axb4 18. Qxb4 Nc5 19. Bb1 exf4 20. Rxf4 Nfd7 21. Ref1 Ne5 22. Qd2 Nxc4 23. Qd4 Ne5 24. Rf6 Ba6 25. Qb4 Bxb5 26. Qxb5 Ned7 27. R6f2 Qe5 28. Ne2 Ra1 29. Nf4 Qd4 30. Kh1 Ne5 31. Ne6 Nxe6 32. dxe6 Qc5 33. Qb3 Ra3 34. Qb2 Rc3 35. Ba2 Kg7 36.
Rxf7+ Nxf7 37. exf7 Qd4 38. Rf3 Qd1+ 0-1

[Event "*** Titled Tuesday Blitz"]
[Site "Chess.com"]
[Date "2018.05.01"]
[Round "6"]
[White "JozefKneht"]
[Black "evgenysharapov"]
[Result "0-1"]
[WhiteElo "2390"]
[BlackElo "2304"]
[TimeControl "180+2"]
[EndTime "14:21:33 PDT"]
[Termination "evgenysharapov won by resignation"]

1. d4 d5 2. Bf4 Nf6 3. Nf3 c5 4.
e3 Nc6 5. c3 cxd4 6. exd4 g6 7.
Nbd2 Bg7 8. Bd3 O-O 9. O-O Nh5 10.
Be3 Qd6 11. Re1 Nf4 12. Bxf4 Qxf4 13. Qe2 Bf5 14. Bxf5 Qxf5 15. Nf1 Rfe8 16. Rad1 Qd7 17. Qd3 e6 18. h3 Rab8 19. N1h2 h5 20. Nd2 b5 21. a3 a5 22. Nb3 b4 23. axb4 axb4 24. Nc5 Qd8 25. Nf3 bxc3 26. bxc3 Rb2 27. Rb1 Rxb1 28.
Rxb1 Qa5 29. Rb7 e5 30. Nb3 Qa8 31. Qb5 Rc8 32. dxe5 Nxe5 33. Nxe5 Bxe5 34. Qxd5 Rc7 35. Na5 Rxb7 36. Qxb7 Qxa5 0-1

[Event "*** Titled Tuesday Blitz"]
[Site "Chess.com"]
[Date "2018.05.01"]
[Round "6"]
[White "chidori_boruto"]
[Black "tomsishere"]
[Result "1-0"]
[WhiteElo "2525"]
[BlackElo "2349"]
[TimeControl "180+2"]
[EndTime "14:21:35 PDT"]
[Termination "chidori_boruto won on time"]

1. d4 Nf6 2. Bf4 g6 3. e3 Bg7 4. Nf3 O-O 5. h3 d6 6. Be2 b6 7. O-O Bb7 8. a4 a6 9. a5 b5 10. c4 bxc4 11. Bxc4 Nbd7 12. Nbd2 c5 13. Bh2 Rb8 14.
Qe2 Ra8 15. Rfb1 Ne4 16. d5 Nxd2 17. Qxd2 Nf6 18. b4 Ne4 19. Qc2 Nc3 20. Rb3 cxb4 21. Rxb4 Bxd5 22. Nd4 Bxc4 23. Rxc4 Nb5 24. Nc6 Qd7 25.
Ra2 d5 26. Rc5 d4 27. exd4 Nxd4 28. Nxd4 Bxd4 29. Rc4 Rac8 30. Bg3 Rxc4 31. Qxc4 Rc8 32. Qxa6 Rc1+ 33. Kh2 Qf5 34. Qe2 Qb1 35. Bf4 Rh1+ 36.
Kg3 Re1 37. Qc2 Qb7 38. a6 Qa7 39. Qc8+ Kg7 40. Qb7 g5 41. Bxg5 Be5+ 42. f4 Qe3+ 43. Qf3 Bxf4+ 44. Bxf4 1-0

[Event "*** Titled Tuesday Blitz"]
[Site "Chess.com"]
[Date "2018.05.01"]
[Round "6"]
[White "swayamsm"]
[Black "MartinZumsande"]
[Result "1-0"]
[WhiteElo "2570"]
[BlackElo "2514"]
[TimeControl "180+2"]
[EndTime "14:21:42 PDT"]
[Termination "swayamsm won by resignation"]

1. d4 d5 2. Nf3 Nf6 3. Bf4 e6 4.
e3 Be7 5. Nbd2 c5 6. c3 Nc6 7. Bd3 b6 8. Ne5 Nxe5 9. dxe5 Nd7 10.
Bg3 Bb7 11. O-O Qc7 12. f4 O-O-O 13. a4 h5 14. h4 f6 15. Nf3 fxe5 16. fxe5 g5 17.
hxg5 h4 18. Bf4 h3 19. Rf2 Rdg8 20. g3 d4 21. cxd4 Qc6 22. e4 Kb8 23. d5 Qc8 24. d6 Bd8 25. Qe2 c4 26. Bxc4 b5 27. Bxb5 Bb6 28.
Be3 Nc5 29. Rc1 a6 30. Bd3 h2+ 31. Kh1 Nxe4 32. Rxc8+ Rxc8 33. Bxe4 Bxe4 34. Bxb6 Rc1+ 35. Rf1 Rxf1+ 36. Qxf1 Kb7 37. Qe2 Bd5 38. a5 Rf8 39.
Kxh2 Rxf3 40. Qxf3 Bxf3 41. g6 Bh5 42. g7 Bf7 43. d7 1-0

[Event "*** Titled Tuesday Blitz"]
[Site "Chess.com"]
[Date "2018.05.01"]
[Round "6"]
[White "GMSrinath"]
[Black "Zenzo"]
[Result "1-0"]
[WhiteElo "2739"]
[BlackElo "2398"]
[TimeControl "180+2"]
[EndTime "14:21:45 PDT"]
[Termination "GMSrinath won by checkmate"]

1. e4 e5 2. Nf3 Nc6 3. Bc4 Bc5 4.
c3 Nf6 5. d4 exd4 6. e5 d5 7.
Bb5 Ne4 8. cxd4 Bb4+ 9. Bd2 Nxd2 10. Nbxd2 O-O 11. O-O Ne7 12. a3 Ba5 13. b4 Bb6 14. h3 Bf5 15. Re1 c6 16. Ba4 a5 17.
b5 Rc8 18. bxc6 bxc6 19. Nb3 Be4 20. Nfd2 Bd3 21. Rc1 Bb5 22. Nc5 Nf5 23. Nf3 Re8 24.
Bc2 Ne7 25. Nb7 Qd7 26. Nd6 Rb8 27. Ng5 h6 28. Bh7+ Kf8 29. Qh5 Ng8 30. Ngxf7 Re7 31. Nh8 g5 32. Ng6+ Kg7 33. Bxg8 Kxg8 34. Nxe7+ Qxe7 35.
Nxb5 cxb5 36. Rc6 Bxd4 37. Rg6+ Kf8 38. Qf3+ Ke8 39. Qxd5 Qa7 40. Rg8+ Ke7 41. Qd6+ Kf7 42. Qg6+ Ke7 43. Qf6+ Kd7 44. Rg7+ Kc8 45. Qf8# 1-0

[Event "*** Titled Tuesday Blitz"]
[Site "Chess.com"]
[Date "2018.05.01"]
[Round "6"]
[White "pulvettd"]
[Black "DishonorOnYourCow"]
[Result "0-1"]
[WhiteElo "2389"]
[BlackElo "2301"]
[TimeControl "180+2"]
[EndTime "14:21:50 PDT"]
[Termination "DishonorOnYourCow won on time"]

1. e4 e5 2. Nf3 Nc6 3. Bb5 Nf6 4.
O-O Nxe4 5. d4 Nd6 6. Bxc6 dxc6 7. dxe5 Nf5 8. Qxd8+ Kxd8 9. b3 Ke8 10. Bb2 Be6 11.
Nbd2 h5 12. h3 Be7 13. Ne4 a5 14. a3 a4 15. b4 Bd5 16. Ned2 b5 17. Rac1 c5 18.
bxc5 Bxc5 19. c4 Bxf3 20. Nxf3 b4 21. axb4 Bxb4 22. Rfd1 Ke7 23. Ng5 Rhd8 24. Ne4 Rxd1+ 25. Rxd1 Rd8 26. Rxd8 Kxd8 27. Kf1 a3 28. Ba1 Ne7 29. Ke2 Nc6 30. f4 Na5 31. Kd3 Nb3 32. Bc3 Bxc3 33.
Nxc3 Nc1+ 34. Kc2 a2 35. Kb2 Nd3+ 36. Kxa2 Nxf4 37. Nd5 Nxg2 38. Kb2 g5 0-1

[Event "*** Titled Tuesday Blitz"]
[Site "Chess.com"]
[Date "2018.05.01"]
[Round "6"]
[White "PowerThinking2650"]
[Black "b_6"]
[Result "0-1"]
[WhiteElo "2280"]
[BlackElo "2294"]
[TimeControl "180+2"]
[EndTime "14:21:50 PDT"]
[Termination "b_6 won by checkmate"]

1. e4 c6 2. d3 d5 3. Nd2 e5 4.
Ngf3 Bd6 5. g3 Ne7 6. Bg2 O-O 7.
O-O f5 8. exd5 cxd5 9. d4 e4 10. Ne5 Nbc6 11. f4 Nxd4 12. Nxe4 Bxe5 13. fxe5 dxe4 14.
Bg5 Ndc6 15. Qd6 Qb6+ 16. Kh1 Rd8 17. Qa3 Qc7 18. g4 g6 19. Qh3 fxg4 20. Qb3+ Rd5 21. Rf6 Qxe5 22. Raf1 Be6 23. Bh6 Nf5 24. Bg5 Rb8 25.
Qa3 Rdd8 26. c3 b5 27. Qa6 Rb6 28. Qa3 Qd6 29. Qxd6 Rxd6 30. Bxe4 Kg7 31. Kg2 h6 32. Rxe6 Rxe6 33. Bxf5 gxf5 34. Bf4 Ne5 35. Re1 Kf6 36. Kg3 Nd3 37. Rf1 h5 38. Bd2 Re2 39. Bc1 Rbe6 40. Bh6 Kg6 41. Bc1 Nxc1 42. Rxc1 Kg5 43.
h4+ gxh3 44. Kxh3 R6e3# 0-1